 Dungeon Crawl Stone Soup version 0.30-a0-341-g682706514a (webtiles) character file.

Game seed: 8510521020747028395

21905 IdlyInterested the Fighter (level 12, 0/100 HPs)
             Began as a Demonspawn Wanderer on Nov 2, 2022.
             Slain by a wraith (7 damage)
             ... on level 11 of the Dungeon.
             The game lasted 00:55:36 (11191 turns).

IdlyInterested the Fighter (Demonspawn Wanderer)   Turns: 11191, Time: 00:55:37

Health: 0/100      AC:  3    Str: 14    XL:     12   Next: 58%
Magic:  21/21      EV: 21    Int: 22    God:
Gold:   386        SH:  0    Dex: 21    Spells: 17/23 levels left

rFire   + + .      SeeInvis .    R - +2 quick blade (vamp)
rCold   . . .      Faith    .    (no shield)
rNeg    . . .      Spirit   .    f - +1 robe of the Dolphin {rF++ Int+7 Stlth-}
rPois   .          Reflect  .    (helmet unavailable)
rElec   .          Harm     .    n - scarf {shadows}
rCorr   .          Rampage  .    (no gloves)
Will    .....                    (no boots)
Stlth   +++.......               e - amulet of regeneration
HPRegen 1.16/turn                h - +6 ring of dexterity
MPRegen 0.17/turn                k - +4 ring of slaying

@: mighty, agile
A: claws 1, hooves 2, horns 3, foul stench 2, powered by pain 1
a: no special abilities


You were on level 11 of the Dungeon.
You visited 2 branches of the dungeon, and saw 12 of its levels.
You also visited: Sewer.

You collected 1310 gold pieces.
You spent 924 gold pieces at shops.

Inventory:

Hand Weapons
 A - a +2 short sword of venom
 B - a +2 rapier of protection
 R - a +2 vampiric quick blade (weapon)
 S - a +3 short sword
Missiles
 c - 37 poisoned darts (quivered)
 E - 8 curare-tipped darts
Armour
 f - the +1 robe of the Dolphin (worn) {rF++ Int+7 Stlth-}
   (You found it on level 5 of the Dungeon)

   Int:       It affects your intelligence (+7).
   rF:        It greatly protects you from fire.
   Stlth:     It makes you less stealthy.
 n - a scarf of shadows (worn)
 p - a +1 robe of cold resistance
 z - a +0 buckler
 D - a +1 chain mail of positive energy
 J - +0 steam dragon scales
 K - an orb of mayhem
Jewellery
 e - an amulet of regeneration (around neck)
 g - a ring of willpower
 h - a +6 ring of dexterity (left claw)
 k - a +4 ring of slaying (right claw)
 q - the ring of Arakar {Fire rPois Dex+4}
   (You found it on level 2 of the Dungeon)

   [ring of fire]

   It enhances your fire magic.
   Dex:       It affects your dexterity (+4).
   rF:        It protects you from fire.
   rC:        It makes you vulnerable to cold.
   rPois:     It protects you from poison.
 x - a ring of ice
 y - the ring of Foseysmomi {Fire rPois Will- Int+6 Dex+2}
   (You found it on level 3 of the Dungeon)

   [ring of fire]

   It enhances your fire magic.
   Int:       It affects your intelligence (+6).
   Dex:       It affects your dexterity (+2).
   rF:        It protects you from fire.
   rC:        It makes you vulnerable to cold.
   rPois:     It protects you from poison.
   Will:      It decreases your willpower.
Wands
 b - a wand of light (6)
 i - a wand of flame (20)
 H - a wand of paralysis (25)
Scrolls
 m - 2 scrolls of fear
 s - a scroll of magic mapping
 u - 8 scrolls of teleportation
 C - 6 scrolls of identify
 I - a scroll of enchant armour
 N - 5 scrolls of fog
Potions
 d - 8 potions of curing
 j - 7 potions of heal wounds
 l - 3 potions of magic
 o - 2 potions of brilliance
 v - 3 potions of attraction
 w - 3 potions of lignification
 F - 2 potions of might
 G - 4 potions of haste
 M - a potion of ambrosia
 O - a potion of mutation
 Q - a potion of flight
Miscellaneous
 a - a piece from Xom's chessboard (15/15)
 L - a phantom mirror


   Skills:
 - Level 11.0 Fighting
 - Level 10.0 Short Blades
 - Level 6.0 Dodging
 - Level 6.0 Stealth
 * Level 8.1 Unarmed Combat
 - Level 6.0 Spellcasting
 - Level 2.0 Hexes
 - Level 2.6 Air Magic
 * Level 5.6 Evocations


You had 17 spell levels left.
You knew the following spells:

 Your Spells              Type           Power      Damage    Failure   Level
a - Dazzling Flash        Conj/Hex       22%        N/A       19%         3
b - Mephitic Cloud        Conj/Pois/Air  10%        N/A       19%         3

Your spell library contained the following spells:

 Spells                   Type           Power      Damage    Failure   Level
 Slow                     Hex            60%        N/A       4%          1
 Shock                    Conj/Air       48%        1d6       5%          1
 Apportation              Tloc           12%        N/A       9%          1
 Necrotise                Necr           24%        1d5       9%          1
 Summon Small Mammal      Summ           24%        N/A       9%          1
 Swiftness                Air            18%        N/A       9%          3
 Confusing Touch          Hex            15%        N/A       12%         3
 Inner Flame              Hex/Fire       11%        N/A       19%         3
 Summon Guardian Golem    Hex/Summ       11%        N/A       19%         3
 Call Canine Familiar     Summ           6%         N/A       26%         3
 Hailstorm                Conj/Ice       6%         3d4       26%         3
 Vampiric Draining        Necr           6%         2d6       26%         3
 Airstrike                Air            9%         2d(2-18)  30%         4
 Cause Fear               Hex            7%         N/A       36%         4
 Summon Lightning Spire   Summ/Air       12%        N/A       45%         4
 Ice Form                 Ice/Tmut       6%         N/A       65%         4
 Iskenderun's Mystic Bla  Conj/Tloc      6%         2d4       65%         4
 Manifold Assault         Tloc           6%         N/A       65%         4
 Petrify                  Tmut/Erth      6%         N/A       65%         4
 Lightning Bolt           Conj/Air       6%         1d18      82%         5
 Metabolic Englaciation   Hex/Ice        5%         N/A       86%         5
 Alistair's Intoxication  Tmut/Pois      4%         N/A       94%         5
 Dispersal                Tloc           3%         N/A       100%        6
 Simulacrum               Ice/Necr       3%         N/A       100%        6
 Starburst                Conj/Fire      3%         6d3       100%        6
 Statue Form              Tmut/Erth      4%         N/A       100%        6
 Storm Form               Tmut/Air       6%         N/A       100%        7
 Disjunction              Tloc           3%         N/A       100%        8
 Maxwell's Capacitive Co  Air            9%         ∞         100%        8


Dungeon Overview and Level Annotations

Branches:
Dungeon (11/15)            Temple (1/1) D:5            Lair (0/5) D:10
    Orc (0/2) D:10          Sewer (visited)

Altars:
Ashenzari
Cheibriados
Dithmenos
Fedhas
Gozag
Hepliaklqana
Kikubaaqudgha
Makhleb
Nemelex Xobeh
Okawaru
Qazlal
Ru
Sif Muna
Trog
Uskayaw
Vehumet
Wu Jian
Xom
Yredelemnul

Shops:
D:5 (   D:7 (**[   D:10 :

Portals:
Trove: D:11 (give 17 scrolls of teleportation)


Innate Abilities, Weirdness & Mutations

You have sharp fingernails.
You have hoof-like feet.
You have a pair of large horns on your head.
You sometimes emit foul miasma when damaged in melee.
You sometimes gain a little power by taking damage.


Message History

Your headbutt misses FizzleBag's ghost.
FizzleBag's ghost is almost destroyed.
The wraith misses you. FizzleBag's ghost closely misses you.
You hit FizzleBag's ghost but do no damage.
Your headbutt misses FizzleBag's ghost.
FizzleBag's ghost is almost destroyed.
You hit FizzleBag's ghost but do no damage.
You kick FizzleBag's ghost. Your headbutt misses FizzleBag's ghost.
Your claw misses FizzleBag's ghost.
FizzleBag's ghost is almost destroyed.
You puncture FizzleBag's ghost!
You destroy FizzleBag's ghost!
Your Unarmed Combat skill increases to level 8!
You barely miss the wraith. You kick the wraith, but do no damage.
The wraith is moderately damaged.
The wraith misses you.
You puncture the manticore!
The manticore is lightly wounded.
You puncture the manticore! You kick the manticore!
Your headbutt misses the manticore.
The manticore is heavily wounded.
You closely miss the manticore. You kick the manticore!
The manticore is severely wounded.
The manticore closely misses you. x2; The manticore completely misses you.
The manticore bites you!!
* * * LOW HITPOINT WARNING * * *
You focus on the pain.
You feel more agile all of a sudden.
You emit a cloud of foul miasma!
The manticore barely misses you. The manticore completely misses you.
The wraith completely misses you.
You feel much better. The manticore closely misses you.
The manticore completely misses you. The manticore claws you.
The manticore is engulfed in dark miasma.
The manticore is poisoned.
The manticore seems to slow down.
The manticore bites you!
* * * LOW HITPOINT WARNING * * *
The manticore claws you!
* * * LOW HITPOINT WARNING * * *
The manticore closely misses you. The wraith hits you!
You die...

##.)#..#####..#yl..H..#...#
.##...........#W.[|?..#...#
#.##...>##....#.#...#.#...#
##.#....###...#..#.#..#...#
##.#....# #...#.#...#.#.(.#
.##.....# ##..#.......#...#
.###....# #..#..V....#...#
#.##...## #..###H''###...#
#.##..### #....@W........#
.##.....# #.....H........#
##......# ###....#######.#
#..#....# #.....# #...# ...#....#
#.....# #.###
...#...########....# #.#
#..##..##....##...#####.# ###
#..##..##.....#...##....# #.##
#...+.........#....+....######...


You could see 2 manticores, a vampire and a wraith.

Vanquished Creatures
  Gastronok (D:8)
  An ettin (D:11)
  The ghost of FizzleBag the Fighter, a journeyman MiFi of Okawaru (D:11)
  A vault guard (D:11)
  2 ogre magi (D:11)
  A death knight (D:11)
  A centaur warrior (D:11)
  A two-headed ogre (D:8)
  A tengu warrior (D:11)
  A death yak (D:10)
  A skeletal warrior (D:11)
  Pikel (D:4)
  A deep elf pyromancer (D:11)
  2 manticores (D:11)
  A cyclops (D:11)
  The ghost of baller8008 the Covered, a novice AtFi (D:6)
  An elephant (D:10)
  Maggie (D:7)
  A kobold demonologist (D:6)
  An unseen horror (D:11)
  A komodo dragon (D:11)
  A meliai (D:11)
  2 trolls
  Prince Ribbit (D:5)
  A hornet (D:10)
  A vampire (D:11)
  Eustachio (D:4)
  Sigmund (D:5)
  17 yaks
  3 wraiths (D:11)
  A steam dragon (D:7)
  3 basilisks
  3 vampire mosquitoes (D:11)
  Menkaure (D:5)
  A water moccasin (D:7)
  Duvessa (D:4)
  A sky beast (D:7)
  5 orc warriors
  2 ice beasts
  2 black bears
  Pargi (Sewer)
  An ogre (D:5)
  2 centaurs
  10 kobold brigands
  2 bullfrogs
  3 necrophages
  2 scorpions
  10 wights (D:9)
  Dowan (D:4)
  23 killer bees
  7 howler monkeys
  Crazy Yiuf (D:4)
  8 orc priests
  7 hounds
  4 iguanas
  Ijyb (D:5)
  9 orc wizards
  4 gnolls (D:4)
  5 adders
  5 river rats (D:3)
  4 ufetubi (D:5)
  5 worms
  3 dart slugs
  29 orcs
  9 endoplasms
  A giant cockroach (D:2)
  9 goblins
  9 hobgoblins
  2 jackals (D:5)
  2 quokkas
  8 ball pythons
  11 bats
  A frilled lizard (D:1)
  15 kobolds
  14 rats
299 creatures vanquished.

Vanquished Creatures (others)
  A wizard (D:8)
  A cane toad (shapeshifter) (D:11)
  An orc (D:7)
  A plant (D:10)
4 creatures vanquished.

Grand Total: 303 creatures vanquished

Notes
Turn   | Place    | Note
-------+----------+-------------------------------------------
     0 | D:1      | IdlyInterested the Demonspawn Wanderer began the quest for
                  | the Orb.
     0 | D:1      | IdlyInterested set off with the following items: a +0
                  | dagger, a potion of invisibility, a +0 leather armour, a
                  | potion of curing; and the following spells available to
                  | memorise: Slow, Shock, Inner Flame, Mephitic Cloud, Cause
                  | Fear.
     0 | D:1      | Reached XP level 1. HP: 16/16 MP: 4/4
   210 | D:1      | Reached skill level 1 in Stealth
   236 | D:1      | Gained mutation: You may rarely emit foul miasma when
                  | damaged in melee. [demonic ancestry]
   236 | D:1      | Reached XP level 2. HP: 15/23 MP: 6/6
   981 | D:2      | You fall into a shaft and drop 2 floors!
   997 | D:4      | Discovered your monstrous ancestry.
   997 | D:4      | Gained mutation: You have a pair of small horns on your
                  | head. [demonic ancestry]
   997 | D:4      | Reached XP level 3. HP: 28/28 MP: 7/7
  1061 | D:3      | Reached skill level 3 in Fighting
  1139 | D:3      | Reached skill level 1 in Short Blades
  1139 | D:3      | Gained mutation: You have a pair of horns on your head.
                  | [demonic ancestry]
  1139 | D:3      | Reached XP level 4. HP: 25/35 MP: 8/8
  1150 | D:3      | Found a glowing drain.
  1155 | Sewer    | Entered a sewer
  1231 | Sewer    | Noticed Pargi
  1236 | Sewer    | Killed Pargi
  1237 | Sewer    | Reached skill level 4 in Fighting
  1237 | Sewer    | Reached XP level 5. HP: 42/42 MP: 9/9
  1645 | D:2      | Identified the ring of Arakar {Fire rPois Dex+4}
  2298 | D:3      | Found a sacrificial altar of Ru.
  2307 | D:3      | Found a snail-covered altar of Cheibriados.
  2423 | D:3      | Found an iron altar of Okawaru.
  2588 | D:3      | Identified the ring of Foseysmomi {Fire rPois Will- Int+6
                  | Dex+2}
  2932 | D:4      | Gained mutation: You sometimes gain a little power by
                  | taking damage. [demonic ancestry]
  2932 | D:4      | Reached XP level 6. HP: 49/49 MP: 10/10
  3043 | D:4      | Noticed Duvessa
  3043 | D:4      | Noticed Dowan
  3043 | D:4      | Noticed Pikel
  3069 | D:4      | Killed Pikel
  3070 | D:4      | Reached skill level 5 in Fighting
  3070 | D:4      | Gained mutation: You have large cloven feet. [demonic
                  | ancestry]
  3070 | D:4      | Reached XP level 7. HP: 29/56 MP: 11/11
  3081 | D:4      | Killed Dowan
  3190 | D:4      | Killed Duvessa
  3191 | D:4      | Reached skill level 5 in Short Blades
  3345 | D:4      | Gained mutation: You have hoof-like feet. [demonic
                  | ancestry]
  3345 | D:4      | Reached XP level 8. HP: 64/64 MP: 12/12
  3532 | D:4      | Found a runed translucent door.
  3533 | D:4      | Noticed Crazy Yiuf
  3638 | D:4      | Noticed Eustachio
  3662 | D:4      | Killed Eustachio
  3663 | D:4      | Reached skill level 6 in Fighting
  4109 | D:4      | Killed Crazy Yiuf
  4172 | D:5      | Entered Level 5 of the Dungeon
  4334 | D:5      | Found a sparkling altar of Nemelex Xobeh.
  4395 | D:5      | Found Ecwy's Weapon Shop.
  4417 | D:5      | Found a staircase to the Ecumenical Temple.
  4423 | Temple   | Entered the Ecumenical Temple
  4512 | D:5      | Noticed Sigmund
  4514 | D:5      | Killed Sigmund
  4539 | D:5      | Identified the +1 robe of the Dolphin {rF++ Int+7 Stlth-}
  4607 | D:5      | Noticed Prince Ribbit
  4614 | D:5      | Killed Prince Ribbit
  4733 | D:5      | Noticed Ijyb
  4739 | D:5      | Killed Ijyb
  4788 | D:5      | Noticed Menkaure
  4796 | D:5      | Reached skill level 7 in Fighting
  4801 | D:5      | Killed Menkaure
  4802 | D:5      | Reached skill level 1 in Evocations
  4915 | D:5      | Gained mutation: You sometimes emit foul miasma when
                  | damaged in melee. [demonic ancestry]
  4915 | D:5      | Reached XP level 9. HP: 72/72 MP: 13/13
  5652 | D:6      | Found a runed translucent gate.
  5652 | D:6      | Found a runed translucent gate.
  5652 | D:6      | Found a runed translucent gate.
  5654 | D:6      | Noticed baller8008's ghost (novice AtFi)
  5654 | D:6      | Noticed a kobold demonologist
  5670 | D:6      | Killed baller8008's ghost
  5671 | D:6      | Reached skill level 8 in Fighting
  5680 | D:6      | Killed a kobold demonologist
  5947 | D:6      | Reached XP level 10. HP: 81/81 MP: 14/14
  6256 | D:7      | Found Rokof's General Store.
  6479 | D:7      | Found Mogru's Weapon Shop.
  6543 | D:7      | Noticed Maggie
  6546 | D:7      | Killed Maggie
  6547 | D:7      | Reached skill level 9 in Fighting
  6979 | D:7      | Found Ditsyrgh's General Store.
  6997 | D:7      | Found Agouf's Antique Armour Shop.
  7104 | D:7      | Bought a phantom mirror for 600 gold pieces
  7184 | D:7      | Bought a wand of paralysis (3) for 79 gold pieces
  7264 | D:7      | Bought a potion of ambrosia for 120 gold pieces
  7344 | D:7      | Bought a potion of curing for 33 gold pieces
  7399 | D:7      | Bought 3 poisoned darts for 18 gold pieces
  7454 | D:7      | Bought a scroll of fog for 44 gold pieces
  7534 | D:7      | Bought a scroll of identify for 30 gold pieces
  7613 | D:7      | Learned a level 3 spell: Dazzling Flash
  7617 | D:7      | Learned a level 3 spell: Mephitic Cloud
  7787 | D:8      | Noticed a two-headed ogre
  7798 | D:8      | Killed a two-headed ogre
  7851 | D:8      | Noticed Gastronok
  7869 | D:8      | Killed Gastronok
  7870 | D:8      | Reached skill level 10 in Fighting
  7870 | D:8      | Reached skill level 10 in Short Blades
  7870 | D:8      | Reached skill level 5 in Stealth
  8236 | D:8      | Found a bloodstained altar of Trog.
  8237 | D:8      | Noticed a wizard
  8242 | D:8      | Killed a wizard
  8499 | D:9      | Identified a scroll of acquirement
  8499 | D:9      | Acquired a +1 vampiric quick blade
  8541 | D:9      | Reached skill level 11 in Fighting
  8659 | D:9      | Gained mutation: You have sharp fingernails. [demonic
                  | ancestry]
  8659 | D:9      | Reached XP level 11. HP: 93/93 MP: 15/15
  8759 | D:9      | Found a shadowy altar of Dithmenos.
  8879 | D:9      | Reached skill level 1 in Unarmed Combat
  9129 | D:10     | Entered Level 10 of the Dungeon
  9270 | D:10     | Found a staircase to the Orcish Mines.
  9291 | D:10     | Noticed a death yak
  9335 | D:10     | Killed a death yak
  9371 | D:10     | Found a staircase to the Lair.
  9382 | D:10     | Reached skill level 5 in Dodging
  9671 | D:10     | Found a shimmering blue altar of Sif Muna.
  9781 | D:10     | Found Muamukhi's Self-Improvement Boutique.
 10181 | D:11     | Noticed a skeletal warrior
 10183 | D:11     | Noticed an ogre mage
 10183 | D:11     | Noticed a deep elf pyromancer
 10183 | D:11     | Noticed a tengu warrior
 10183 | D:11     | Noticed a death knight
 10183 | D:11     | Noticed a centaur warrior
 10183 | D:11     | Noticed an ogre mage
 10186 | D:11     | Paralysed by an ogre mage for 4 turns
 10196 | D:11     | Killed an ogre mage
 10197 | D:11     | Reached skill level 5 in Unarmed Combat
 10210 | D:11     | Killed a skeletal warrior
 10211 | D:11     | HP: 3/93 [centaur warrior (5)]
 10211 | D:11     | HP: 1/93 [centaur warrior (2)]
 10218 | D:11     | Killed a centaur warrior
 10219 | D:11     | Reached skill level 5 in Spellcasting
 10239 | D:11     | Killed a death knight
 10240 | D:11     | Gained mutation: You have a pair of large horns on your
                  | head. [demonic ancestry]
 10240 | D:11     | Reached XP level 12. HP: 61/100 MP: 18/20
 10247 | D:11     | Killed an ogre mage
 10263 | D:11     | Killed a tengu warrior
 10509 | D:11     | Noticed a vault guard
 10517 | D:11     | Killed a vault guard
 10536 | D:11     | Found a portal to a secret trove of treasure.
 10927 | D:11     | Found a runed translucent gate.
 10928 | D:11     | Found a runed translucent gate.
 10929 | D:11     | Found a runed translucent gate.
 10929 | D:11     | Noticed FizzleBag's ghost (journeyman MiFi)
 10932 | D:11     | Noticed an ettin
 11155 | D:11     | Killed an ettin
 11156 | D:11     | Reached skill level 5 in Evocations
 11186 | D:11     | Killed FizzleBag's ghost
 11191 | D:11     | Slain by a wraith

Illustrated notes

Levels and vault maps discovered:
D:1:      dpeg_arrival_ratfight, layout_basic, serial_rivers,
          chequers_serial_rivers_micro_c, chequers_serial_rivers_micro_d,
          chequers_serial_rivers_micro_e, chequers_serial_rivers_micro_c,
          chequers_serial_rivers_small_a, st_stairs_2
D:2:      layout_loops_ring, kennysheep_decorative_pillar
D:3:      layout_loops_cross, okawaru_altar_gauntlet_db,
          amethyst_overflow_temple_binary, lightli_sewer_entry_pipes
D:4:      layout_basic, kennysheep_big_empty_room, uniq_duvessa, uniq_eustachio,
          uniq_crazy_yiuf_cottage, uniq_pikel
D:5:      minmay_polygon_palace, layout_basic,
          mainiacjoe_overflow_surrounded_room, minmay_temple_entry_hall,
          serial_shops, nicolae_shop_hallway_plus, uniq_menkaure,
          uniq_prince_ribbit1, uniq_sigmund, uniq_ijyb
D:6:      layout_loops_ring, serial_glass, glass_columns_b, glass_columns_a,
          glass_columns_c, glass_columns_c, gammafunk_ghost_nasty_kobolds,
          grunt_decor_cap
D:7:      layout_basic, serial_shops, shop, kennysheep_mini, shop_fountains,
          shop, uniq_maggie
D:8:      layout_cave_pools, trog_wizard, uniq_gastronok
D:9:      layout_roguey, grunt_dithmenos_smoke
D:10:     layout_irregular_city, led_sif_pool, david_lair_generic,
          minmay_orc_entry_temple_small, nicolae_shop_self_help
D:11:     minmay_the_grid_octo_triangle [minmay_the_grid_octo_fan_narrow,
          minmay_the_grid_octo_prize_big_c, minmay_the_grid_octo_empty],
          layout_gridville, gammafunk_ghost_split, enter_trove_5
Temple:   minmay_freezing_vapour_temple

Skill      XL: |  1  2  3  4  5  6  7  8  9 10 11 12 |
---------------+-------------------------------------+-----
Stealth        | 1 2 3 5 6 |  6.0
Fighting       | 3 4 5 7 8 11 | 11.0
Short Blades   | 1 2 4 5 7 9 10 | 10.0
Dodging        | 2 3 6 |  6.0
Evocations     | 1 3 5 |  5.6
Unarmed Combat | 6 8 |  8.1
Spellcasting   | 5 6 |  6.0
Hexes          | |  2.0
Air Magic      | |  2.6

Action                   |  1- 3 |  4- 6 |  7- 9 | 10-12 || total
-------------------------+-------+-------+-------+-------++-------
Melee: Dagger            |   166 |   111 |   208 |   146 ||   631
       Headbutt          |     5 |    21 |    48 |   156 ||   230
       Punch             |     1 |     1 |       |    20 ||    22
       Kick              |       |       |    44 |   251 ||   295
       Quick blade       |       |       |       |   443 ||   443
Throw: Dart              |       |       |     5 |    25 ||    30
 Cast: Dazzling Flash    |       |       |       |     2 ||     2
Evoke: Wand              |       |       |       |     7 ||     7
  Use: Scroll            |     6 |     4 |    10 |     5 ||    25
       Potion            |       |     1 |     5 |     4 ||    10
 Stab: Invisible         |       |     2 |       |    10 ||    12
       Sleeping          |       |     5 |     3 |     6 ||    14
       Distracted        |       |       |     1 |       ||     1
       Paralysed         |       |       |       |     1 ||     1
Armor: Ring mail         |    50 |    33 |     3 |       ||    86
       Leather armour    |     9 |       |     7 |       ||    16
       Robe              |       |       |    16 |    46 ||    62
Dodge: Dodged            |    76 |    55 |    93 |   223 ||   447
Block: Buckler           |       |       |    18 |    20 ||    38

Table legend: (Time is in decaauts)
 A = Elapsed time spent in this place.
 B = Non-inter-level travel time spent in this place.
 C = Inter-level travel time spent in this place.
 D = Time resting spent in this place.
 E = Time spent auto-exploring this place.
 F = Levels seen in this place.
 G = Mean time per level.
                   A        B        C        D        E       F      G
               +--------+--------+--------+--------+--------+-----+--------+
         Total |  10717 |   9074 |   1643 |    637 |   5531 |  13 |  824.4 |
       Dungeon |  10577 |   8934 |   1643 |    637 |   5483 |  11 |  961.5 |
        Temple |     14 |     14 |      0 |      0 |      0 |   1 |   14.0 |
         Sewer |    124 |    124 |      0 |      0 |     48 |   1 |  124.0 |
               +--------+--------+--------+--------+--------+-----+--------+

Top non-repeatable levels by time:
     D:7: 1479 daAuts
     D:4: 1445 daAuts
     D:1: 1053 daAuts
     D:3: 987 daAuts
     D:5: 953 daAuts
    D:11: 916 daAuts
    D:10: 827 daAuts
     D:2: 738 daAuts
     D:6: 736 daAuts
     D:8: 725 daAuts
     D:9: 714 daAuts
   Sewer: 124 daAuts
  Temple: 14 daAuts
